Penguins vs Devils

Created - 2 janvier 2022 at 08:54

Goals
1 2 3 T
Penguins 0 1 0 1
Devils 1 1 0 2
Shots
1 2 3 T
Penguins 7 6 9 22
Devils 9 13 11 33

GoalsPenalties
1st period
1. Devils , Andreas Johnsson 13 (Johnny Boychuk 14) at 1:46
No Penalty
2nd period
2. Penguins , Brett Connolly 7 (Jonathan Drouin 12, Sami Vatanen 17) at 4:17
3. Devils , Charlie McAvoy 6 (Tim Stutzle 12, Rickard Rakell 14) at 16:26 (PP)
Nick Holden (PIT) for Elbowing (Minor) at 10:34
Dan Hamhuis (PIT) for Hooking (Minor) at 13:38
Ty Smith (PIT) for High sticking (Minor) at 16:02
Nick Holden (PIT) for Slashing (Minor) at 16:33
3rd period
No Goal
Tyler Johnson (NJD) for High sticking (Minor) at 1:11
Richard Panik (PIT) for Tripping (Minor) at 8:36
Colton Sissons (PIT) for Roughing (Minor) at 11:00
Colin Miller (NJD) for Hooking (Minor) at 16:51
Goalie Stats
Thatcher Demko (PIT), 31 saves from 33 shots - (0,939), L, 10-12-2, 59:02 minutes
Alex Nedeljkovic (NJD), 21 saves from 22 shots - (0,955), W, 16-10-5, 60:00 minutes
3 StarsOfficial
1 - Andreas Johnsson (NJD)
2 - Charlie McAvoy (NJD)
3 - Thatcher Demko (PIT)
Referees : Francis Charron and Gord Dwyer
Linesman : John Grandt and Darren Gibbs
Game Note
No Game Note



Team Name Goals Shots Shots Attemp Shots Blocked PIM HIT PP PK FO%
Penguins 12249912110 / 2 (0%)153%
Devils 2336784281 / 6 (17%)047%

Penguins
Player Name POS G A P +/- PIM HIT SHT SB MP PP MP PP SHT PK MP PK SHT FO% FOT
Arthur KaliyevRW0000000019:120:0005:03050% 4
Brady TkachukLW0000024019:532:1104:2600% 0
Brett ConnollyRW1011002113:580:0000:0000% 1
Colton SissonsC/LW/RW0001202015:441:4700:00063% 16
Dan HamhuisD000-1201016:200:0003:3600% 0
Dominic ToninatoC0000000111:200:0005:03033% 18
Duncan KeithD0001010025:002:1107:0800% 0
Filip ZadinaRW000-1001012:391:4710:0000% 0
Jonathan DrouinC/LW/RW0111001016:092:1100:000100% 1
Leon DraisaitlC/LW/RW0000003015:542:1110:00069% 16
Nick HoldenD0000442321:040:0002:5600% 0
Nick RitchieLW000001018:571:4700:0000% 0
Niklas HjalmarssonD0000002222:241:4706:0800% 0
Richard PanikLW/RW000-1212011:180:0000:0000% 0
Sami VatanenD0111001021:302:1100:5000% 0
Trevor LewisC/LW/RW000000018:000:0000:500100% 1
Ty SmithD000-1210013:381:4700:0000% 0
Zack SmithC/LW000-1011016:350:0005:16047% 19
Devils
Player Name POS G A P +/- PIM HIT SHT SB MP PP MP PP SHT PK MP PK SHT FO% FOT
Andreas JohnssonLW/RW1011044017:053:5620:0000% 0
Charlie McAvoyD1010033124:455:2631:3500% 0
Colin MillerD000-1270117:100:0000:5600% 0
Dryden HuntLW000-101005:160:0000:3800% 0
Jason SpezzaC/RW0001002017:053:5610:00055% 22
Jimmy VeseyLW/RW0000010216:500:0001:2500% 0
Johnny BoychukD0111014018:474:5322:1000% 0
Josh MorrisseyD000-1012122:285:2611:0300% 0
Juho LammikkoC000-100005:020:0000:2400% 1
Mason AppletonC/LW/RW000-100004:380:0000:00060% 5
Matt GrzelcykD0000004222:214:5340:3700% 0
Mattias JanmarkC/LW/RW0000013017:020:0001:370100% 1
Nicolas RoyC0000002116:570:0001:32053% 15
Rickard RakellC/LW/RW0110052018:546:2310:0000% 1
Sean MonahanC0000034020:566:2332:02039% 28
Tim StutzleLW0110002018:546:2310:00033% 3
Travis DermottD0001010014:280:0001:3500% 0
Tyler JohnsonC/LW/RW0001201017:223:5610:1800% 0

Penguins

5 vs 5 Forward
Line #Left WingCenterRight WingPHYDFOFWanted %Time %Time Play
1Brady TkachukLeon DraisaitlArthur Kaliyev0143430%13:16
2Jonathan DrouinColton SissonsBrett Connolly0233031%13:58
3Richard PanikZack SmithFilip Zadina0322425%11:19
4Nick RitchieDominic ToninatoTrevor Lewis2301214%6:17
5 vs 5 Defense
Line #DefenseDefensePHYDFOFWanted %Time %Time Play
1Duncan KeithSami Vatanen0323835%15:41
2Nick HoldenNiklas Hjalmarsson0323632%14:29
3Dan HamhuisTy Smith1312626%11:52
4Nick HoldenSami Vatanen12206%2:48
Power Play Forward
Line #Left WingCenterRight WingPHYDFOFWanted %Time %Time Play
1Brady TkachukLeon DraisaitlJonathan Drouin0055055%2:11
2Nick RitchieColton SissonsFilip Zadina0055045%1:47
Power Play Defense
Line #DefenseDefensePHYDFOFWanted %Time %Time Play
1Duncan KeithSami Vatanen0235055%2:11
2Ty SmithNiklas Hjalmarsson0235045%1:47
Penalty Kill 4 Players Forward
Line #CenterWingPHYDFOFWanted %Time %Time Play
1Zack SmithBrady Tkachuk0505051%5:16
2Dominic ToninatoArthur Kaliyev0505049%5:03
Penalty Kill 4 Players Defense
Line #DefenseDefensePHYDFOFWanted %Time %Time Play
1Duncan KeithDan Hamhuis1405050%5:08
2Nick HoldenNiklas Hjalmarsson1405050%5:11
Penalty Kill 3 Players
Line #WingPHYDFOFWanted %Time %Time PlayDefenseDefensePHYDFOFWanted %Time %Time Play
1Zack Smith050500%0:00 Sami VatanenNick Holden050500%0:00
2Colton Sissons050500%0:00 Dan HamhuisTy Smith050500%0:00
4 vs 4 Forward
Line #CenterWingPHYDFOFWanted %Time %Time Play
1Leon DraisaitlBrett Connolly023500%0:00
2Colton SissonsJonathan Drouin023500%0:00
4 vs 4 Defense
Line #DefensePHYDFOFWanted %Time %Time Play
1Nick HoldenSami Vatanen032500%0:00
2Ty SmithDan Hamhuis032500%0:00
Last Minutes Offensive
Left WingCenterRight WingDefenseDefense
Brady TkachukLeon DraisaitlJonathan DrouinNick HoldenSami Vatanen
Last Minutes Defensive
Left WingCenterRight WingDefenseDefense
Jonathan DrouinColton SissonsFilip ZadinaNick HoldenSami Vatanen
Time
Total ForwardTotal DefenseLast Minutes OffensiveLast Minutes Defensive
60:00 60:00 0:530:00
Extra Forwards
Normal PowerPlayPenalty Kill
Leon Draisaitl, Jonathan Drouin, Brady TkachukRichard Panik, Jonathan DrouinTrevor Lewis
Extra Defensemen
Normal PowerPlayPenalty Kill
Duncan Keith, Nick Holden, Dan HamhuisSami Vatanen, Niklas HjalmarssonNick Holden
Penalty Shots
Leon Draisaitl, Jonathan Drouin, Brady Tkachuk, Filip Zadina, Arthur Kaliyev
Goalie
Thatcher Demko, Ben Bishop
Custom OT Lines Forwards
Leon Draisaitl, Brady Tkachuk, Filip Zadina, Arthur Kaliyev, Colton Sissons, Jonathan Drouin, Nick Ritchie, Brett Connolly, Zack Smith, Trevor Lewis
Custom OT Lines Defensemen
Sami Vatanen, Nick Holden, Duncan Keith, Niklas Hjalmarsson, Ty Smith
Scratches
Par Lindholm (Healthy), Greg McKegg (Healthy), Anton Khudobin (Healthy)

Devils

5 vs 5 Forward
Line #Left WingCenterRight WingPHYDFOFWanted %Time %Time Play
1Tim StutzleSean MonahanRickard Rakell0143228%12:31
2Mattias JanmarkNicolas RoyJimmy Vesey1312932%14:32
3Andreas JohnssonJason SpezzaTyler Johnson0142929%13:09
4Juho LammikkoMason AppletonDryden Hunt1311010%4:38
5 vs 5 Defense
Line #DefenseDefensePHYDFOFWanted %Time %Time Play
1Charlie McAvoyMatt Grzelcyk1224238%16:51
2Josh MorrisseyColin Miller1223736%16:15
3Johnny BoychukTravis Dermott2302126%11:44
4Charlie McAvoyJosh Morrissey12200%0:00
Power Play Forward
Line #Left WingCenterRight WingPHYDFOFWanted %Time %Time Play
1Rickard RakellSean MonahanTim Stutzle0055962%6:23
2Tyler JohnsonJason SpezzaAndreas Johnsson0234138%3:56
Power Play Defense
Line #DefenseDefensePHYDFOFWanted %Time %Time Play
1Charlie McAvoyJosh Morrissey0145953%5:26
2Johnny BoychukMatt Grzelcyk1224147%4:53
Penalty Kill 4 Players Forward
Line #CenterWingPHYDFOFWanted %Time %Time Play
1Nicolas RoyJimmy Vesey1225049%1:56
2Sean MonahanMattias Janmark1225051%2:02
Penalty Kill 4 Players Defense
Line #DefenseDefensePHYDFOFWanted %Time %Time Play
1Charlie McAvoyTravis Dermott1225040%1:35
2Johnny BoychukColin Miller1225060%2:23
Penalty Kill 3 Players
Line #WingPHYDFOFWanted %Time %Time PlayDefenseDefensePHYDFOFWanted %Time %Time Play
1Nicolas Roy122500%0:00 Charlie McAvoyTravis Dermott122500%0:00
2Mattias Janmark122500%0:00 Johnny BoychukColin Miller122500%0:00
4 vs 4 Forward
Line #CenterWingPHYDFOFWanted %Time %Time Play
1Sean MonahanRickard Rakell122500%0:00
2Nicolas RoyTim Stutzle122500%0:00
4 vs 4 Defense
Line #DefensePHYDFOFWanted %Time %Time Play
1Charlie McAvoyJosh Morrissey122500%0:00
2Johnny BoychukMatt Grzelcyk122500%0:00
Last Minutes Offensive
Left WingCenterRight WingDefenseDefense
Rickard RakellSean MonahanTim StutzleCharlie McAvoyJosh Morrissey
Last Minutes Defensive
Left WingCenterRight WingDefenseDefense
Jimmy VeseyNicolas RoyMattias JanmarkCharlie McAvoyTravis Dermott
Time
Total ForwardTotal DefenseLast Minutes OffensiveLast Minutes Defensive
60:00 60:00 0:000:53
Extra Forwards
Normal PowerPlayPenalty Kill
Andreas Johnsson, Tyler Johnson, Mattias JanmarkAndreas Johnsson, Tyler JohnsonDryden Hunt
Extra Defensemen
Normal PowerPlayPenalty Kill
Travis Dermott, Matt Grzelcyk, Johnny BoychukTravis Dermott, Matt GrzelcykJohnny Boychuk
Penalty Shots
Sean Monahan, Rickard Rakell, Tim Stutzle, Tyler Johnson, Mattias Janmark
Goalie
Alex Nedeljkovic, Braden Holtby
Custom OT Lines Forwards
Sean Monahan, Rickard Rakell, Nicolas Roy, Tim Stutzle, Andreas Johnsson, Jason Spezza, Tyler Johnson, Mattias Janmark, Jimmy Vesey, Dryden Hunt
Custom OT Lines Defensemen
Charlie McAvoy, Josh Morrissey, Matt Grzelcyk, Colin Miller, Travis Dermott
Scratches
Kevin Stenlund (Healthy), Luke Schenn (Healthy), Malcolm Subban (Healthy)


Play-by-Play

1st period


0:01 of 1st period - Leon Draisaitl wins face-off versus Sean Monahan in neutral zone.
0:03 of 1st period - Sami Vatanen is hit by Rickard Rakell and loses puck.
0:36 of 1st period - Shot by Brady Tkachuk.
0:36 of 1st period - Stopped by Alex Nedeljkovic without a rebound.
0:37 of 1st period - Nicolas Roy wins face-off versus Colton Sissons in Devils zone.
0:41 of 1st period - Josh Morrissey is hit by Nick Holden and loses puck.
1:38 of 1st period - Shot by Tyler Johnson.
1:38 of 1st period - Shot Misses the Net.
1:46 of 1st period - Shot by Andreas Johnsson.
1:46 of 1st period - Goal by Andreas Johnsson - Penguins : 0 - Devils : 1.
1:47 of 1st period - Mason Appleton wins face-off versus Dominic Toninato in neutral zone.
3:11 of 1st period - Shot by Andreas Johnsson.
3:11 of 1st period - Shot Misses the Net.
3:27 of 1st period - Shot by Tim Stutzle.
3:27 of 1st period - Shot Hit the Post.
3:29 of 1st period - Shot by Sean Monahan.
3:29 of 1st period - Shot Misses the Net.
3:31 of 1st period - Shot by Josh Morrissey.
3:31 of 1st period - Stopped by Thatcher Demko without a rebound.
3:32 of 1st period - Mattias Janmark wins face-off versus Leon Draisaitl in Penguins zone.
3:35 of 1st period - Shot by Nicolas Roy.
3:35 of 1st period - Stopped by Thatcher Demko with a rebound.
3:37 of 1st period - Shot by Mattias Janmark.
3:37 of 1st period - Shot Misses the Net.
3:49 of 1st period - Shot by Mattias Janmark.
3:49 of 1st period - Stopped by Thatcher Demko with a rebound.
3:59 of 1st period - Shot by Nicolas Roy.
3:59 of 1st period - Shot Blocked by Niklas Hjalmarsson.
4:50 of 1st period - Shot by Jonathan Drouin.
4:50 of 1st period - Deflect By Brett Connolly.
4:50 of 1st period - Shot Misses the Net.
4:52 of 1st period - Shot by Brett Connolly.
4:52 of 1st period - Stopped by Alex Nedeljkovic with a rebound.
5:39 of 1st period - Off-side.
5:40 of 1st period - Dominic Toninato wins face-off versus Jason Spezza in neutral zone.
5:40 of 1st period - Dominic Toninato is hit by Andreas Johnsson.
6:42 of 1st period - Jimmy Vesey is hit by Nick Ritchie and loses puck.
6:56 of 1st period - Icing by Niklas Hjalmarsson.
6:57 of 1st period - Leon Draisaitl wins face-off versus Mason Appleton in Penguins zone.
7:25 of 1st period - Leon Draisaitl is hit by Dryden Hunt and loses puck.
8:19 of 1st period - Shot by Richard Panik.
8:19 of 1st period - Stopped by Alex Nedeljkovic without a rebound.
8:20 of 1st period - Colton Sissons wins face-off versus Nicolas Roy in Devils zone.
8:56 of 1st period - Icing by Johnny Boychuk.
8:57 of 1st period - Nicolas Roy wins face-off versus Leon Draisaitl in Devils zone.
9:11 of 1st period - Icing by Arthur Kaliyev.
9:12 of 1st period - Jason Spezza wins face-off versus Leon Draisaitl in Penguins zone.
9:32 of 1st period - Icing by Niklas Hjalmarsson.
9:33 of 1st period - Leon Draisaitl wins face-off versus Sean Monahan in Penguins zone.
9:33 of 1st period - Leon Draisaitl is hit by Rickard Rakell.
9:42 of 1st period - Icing by Charlie McAvoy.
9:43 of 1st period - Zack Smith wins face-off versus Sean Monahan in Devils zone.
9:49 of 1st period - Charlie McAvoy is hit by Ty Smith and loses puck.
10:14 of 1st period - Shot by Richard Panik.
10:14 of 1st period - Shot Misses the Net.
10:20 of 1st period - Zack Smith is hit by Sean Monahan.
10:31 of 1st period - Icing by Rickard Rakell.
10:32 of 1st period - Sean Monahan wins face-off versus Colton Sissons in Devils zone.
11:52 of 1st period - Mattias Janmark is hit by Brady Tkachuk and loses puck.
12:11 of 1st period - Off-side.
12:12 of 1st period - Zack Smith wins face-off versus Sean Monahan in neutral zone.
12:47 of 1st period - Shot by Rickard Rakell.
12:47 of 1st period - Stopped by Thatcher Demko without a rebound.
12:48 of 1st period - Jason Spezza wins face-off versus Leon Draisaitl in Penguins zone.
12:50 of 1st period - Tyler Johnson is hit by Nick Holden and loses puck.
12:59 of 1st period - Shot by Andreas Johnsson.
12:59 of 1st period - Shot Misses the Net.
13:01 of 1st period - Shot by Jason Spezza.
13:01 of 1st period - Stopped by Thatcher Demko without a rebound.
13:02 of 1st period - Dominic Toninato wins face-off versus Nicolas Roy in Penguins zone.
13:31 of 1st period - Duncan Keith is hit by Mattias Janmark and loses puck.
14:04 of 1st period - Shot by Leon Draisaitl.
14:04 of 1st period - Stopped by Alex Nedeljkovic without a rebound.
14:05 of 1st period - Colton Sissons wins face-off versus Jason Spezza in Devils zone.
14:16 of 1st period - Shot by Colton Sissons.
14:16 of 1st period - Stopped by Alex Nedeljkovic without a rebound.
14:17 of 1st period - Leon Draisaitl wins face-off versus Sean Monahan in Devils zone.
14:40 of 1st period - Shot by Tim Stutzle.
14:40 of 1st period - Stopped by Thatcher Demko with a rebound.
14:42 of 1st period - Shot by Charlie McAvoy.
14:42 of 1st period - Shot Misses the Net.
15:28 of 1st period - Shot by Tyler Johnson.
15:28 of 1st period - Deflect By Andreas Johnsson.
15:28 of 1st period - Stopped by Thatcher Demko without a rebound.
15:29 of 1st period - Colton Sissons wins face-off versus Mason Appleton in Penguins zone.
15:38 of 1st period - Shot by Colton Sissons.
15:38 of 1st period - Shot Misses the Net.
15:42 of 1st period - Shot by Colton Sissons.
15:42 of 1st period - Stopped by Alex Nedeljkovic without a rebound.
15:43 of 1st period - Jason Spezza wins face-off versus Zack Smith in Devils zone.
15:45 of 1st period - Icing by Josh Morrissey.
15:46 of 1st period - Jonathan Drouin wins face-off versus Jason Spezza in Devils zone.
15:46 of 1st period - Sami Vatanen is hit by Colin Miller and loses puck.
15:57 of 1st period - Shot by Brett Connolly.
15:57 of 1st period - Shot Blocked by Colin Miller.
17:18 of 1st period - Dan Hamhuis is hit by Charlie McAvoy and loses puck.
17:49 of 1st period - Icing by Dan Hamhuis.
17:50 of 1st period - Nicolas Roy wins face-off versus Zack Smith in Penguins zone.
18:32 of 1st period - Shot by Johnny Boychuk.
18:32 of 1st period - Stopped by Thatcher Demko without a rebound.
18:33 of 1st period - Leon Draisaitl wins face-off versus Juho Lammikko in Penguins zone.
18:56 of 1st period - Shot by Juho Lammikko.
18:56 of 1st period - Shot Misses the Net.
18:58 of 1st period - Shot by Mason Appleton.
18:58 of 1st period - Shot Blocked by Niklas Hjalmarsson.
19:22 of 1st period - Nick Holden is hit by Andreas Johnsson and loses puck.
19:55 of 1st period - Shot by Colton Sissons.
19:55 of 1st period - Shot Misses the Net.
19:57 of 1st period - Shot by Jonathan Drouin.
19:57 of 1st period - Stopped by Alex Nedeljkovic with a rebound.
Goals for this period are 0 for Penguins vs 1 for Devils.
Shots for this period are 7 for Penguins vs 9 for Devils.

2nd period


0:01 of 2nd period - Colton Sissons wins face-off versus Rickard Rakell in neutral zone.
0:28 of 2nd period - Off-side.
0:29 of 2nd period - Leon Draisaitl wins face-off versus Nicolas Roy in neutral zone.
0:58 of 2nd period - Niklas Hjalmarsson is hit by Jimmy Vesey and loses puck.
1:23 of 2nd period - Rickard Rakell is hit by Brady Tkachuk and loses puck.
2:33 of 2nd period - Filip Zadina is hit by Johnny Boychuk and loses puck.
2:46 of 2nd period - Shot by Richard Panik.
2:46 of 2nd period - Shot Misses the Net.
2:48 of 2nd period - Shot by Dan Hamhuis.
2:48 of 2nd period - Stopped by Alex Nedeljkovic with a rebound.
2:58 of 2nd period - Shot by Zack Smith.
2:58 of 2nd period - Shot Misses the Net.
3:30 of 2nd period - Shot by Nick Holden.
3:30 of 2nd period - Stopped by Alex Nedeljkovic without a rebound.
3:31 of 2nd period - Arthur Kaliyev wins face-off versus Nicolas Roy in Devils zone.
3:37 of 2nd period - Brady Tkachuk is hit by Colin Miller and loses puck.
3:44 of 2nd period - Shot by Brady Tkachuk.
3:44 of 2nd period - Stopped by Alex Nedeljkovic without a rebound.
3:45 of 2nd period - Mason Appleton wins face-off versus Colton Sissons in Devils zone.
4:11 of 2nd period - Sami Vatanen is hit by Josh Morrissey.
4:17 of 2nd period - Shot by Brett Connolly.
4:17 of 2nd period - Goal by Brett Connolly - Penguins : 1 - Devils : 1.
4:18 of 2nd period - Nicolas Roy wins face-off versus Arthur Kaliyev in neutral zone.
5:10 of 2nd period - Off-side.
5:11 of 2nd period - Colton Sissons wins face-off versus Sean Monahan in neutral zone.
5:11 of 2nd period - Colton Sissons is hit by Sean Monahan.
5:24 of 2nd period - Jonathan Drouin is hit by Colin Miller and loses puck.
5:47 of 2nd period - Shot by Rickard Rakell.
5:47 of 2nd period - Shot Blocked by Brett Connolly.
6:02 of 2nd period - Icing by Duncan Keith.
6:03 of 2nd period - Colton Sissons wins face-off versus Jason Spezza in Penguins zone.
6:27 of 2nd period - Icing by Duncan Keith.
6:28 of 2nd period - Nicolas Roy wins face-off versus Colton Sissons in Penguins zone.
6:28 of 2nd period - Travis Dermott is hit by Duncan Keith and loses puck.
7:24 of 2nd period - Icing by Brett Connolly.
7:25 of 2nd period - Colton Sissons wins face-off versus Sean Monahan in Penguins zone.
7:31 of 2nd period - Off-side.
7:32 of 2nd period - Zack Smith wins face-off versus Sean Monahan in neutral zone.
7:49 of 2nd period - Shot by Richard Panik.
7:49 of 2nd period - Stopped by Alex Nedeljkovic with a rebound.
7:58 of 2nd period - Sean Monahan is hit by Nick Holden and loses puck.
8:53 of 2nd period - Leon Draisaitl is hit by Colin Miller and loses puck.
9:02 of 2nd period - Shot by Ty Smith.
9:02 of 2nd period - Shot Blocked by Josh Morrissey.
9:04 of 2nd period - Shot by Leon Draisaitl.
9:04 of 2nd period - Stopped by Alex Nedeljkovic without a rebound.
9:05 of 2nd period - Nicolas Roy wins face-off versus Dominic Toninato in Devils zone.
10:34 of 2nd period - Minor Penalty to Nick Holden for Elbowing.
10:35 of 2nd period - Sean Monahan wins face-off versus Zack Smith in Penguins zone.
11:32 of 2nd period - Shot by Andreas Johnsson.
11:32 of 2nd period - Stopped by Thatcher Demko without a rebound.
11:33 of 2nd period - Jason Spezza wins face-off versus Dominic Toninato in Penguins zone.
11:40 of 2nd period - Shot by Charlie McAvoy.
11:40 of 2nd period - Stopped by Thatcher Demko without a rebound.
11:41 of 2nd period - Jason Spezza wins face-off versus Dominic Toninato in Penguins zone.
11:46 of 2nd period - Shot by Charlie McAvoy.
11:46 of 2nd period - Stopped by Thatcher Demko without a rebound.
11:47 of 2nd period - Sean Monahan wins face-off versus Dominic Toninato in Penguins zone.
11:48 of 2nd period - Shot by Josh Morrissey.
11:48 of 2nd period - Stopped by Thatcher Demko without a rebound.
11:49 of 2nd period - Sean Monahan wins face-off versus Dominic Toninato in Penguins zone.
13:03 of 2nd period - Icing by Zack Smith.
13:04 of 2nd period - Zack Smith wins face-off versus Jason Spezza in Penguins zone.
13:08 of 2nd period - Richard Panik is hit by Charlie McAvoy and loses puck.
13:11 of 2nd period - Shot by Filip Zadina.
13:11 of 2nd period - Shot Misses the Net.
13:13 of 2nd period - Shot by Zack Smith.
13:13 of 2nd period - Shot Misses the Net.
13:38 of 2nd period - Minor Penalty to Dan Hamhuis for Hooking.
13:39 of 2nd period - Sean Monahan wins face-off versus Dominic Toninato in Penguins zone.
13:54 of 2nd period - Shot by Rickard Rakell.
13:54 of 2nd period - Stopped by Thatcher Demko without a rebound.
13:55 of 2nd period - Sean Monahan wins face-off versus Dominic Toninato in Penguins zone.
14:46 of 2nd period - Shot by Matt Grzelcyk.
14:46 of 2nd period - Shot Blocked by Nick Holden.
15:11 of 2nd period - Shot by Matt Grzelcyk.
15:11 of 2nd period - Stopped by Thatcher Demko without a rebound.
15:12 of 2nd period - Zack Smith wins face-off versus Tim Stutzle in Penguins zone.
15:12 of 2nd period - Zack Smith is hit by Rickard Rakell.
15:22 of 2nd period - Shot by Sean Monahan.
15:22 of 2nd period - Stopped by Thatcher Demko without a rebound.
15:23 of 2nd period - Zack Smith wins face-off versus Jason Spezza in Penguins zone.
15:23 of 2nd period - Zack Smith is hit by Andreas Johnsson.
16:02 of 2nd period - Shot by Jimmy Vesey.
16:02 of 2nd period - Deflect By Mattias Janmark.
16:02 of 2nd period - Stopped by Thatcher Demko without a rebound.
16:02 of 2nd period - Minor Penalty to Ty Smith for High sticking.
16:03 of 2nd period - Zack Smith wins face-off versus Sean Monahan in Penguins zone.
16:26 of 2nd period - Shot by Charlie McAvoy.
16:26 of 2nd period - Goal by Charlie McAvoy - Penguins : 1 - Devils : 2.
16:27 of 2nd period - Jason Spezza wins face-off versus Zack Smith in neutral zone.
16:33 of 2nd period - Minor Penalty to Nick Holden for Slashing.
16:34 of 2nd period - Zack Smith wins face-off versus Jason Spezza in Penguins zone.
16:49 of 2nd period - Shot by Tyler Johnson.
16:49 of 2nd period - Stopped by Thatcher Demko without a rebound.
16:50 of 2nd period - Sean Monahan wins face-off versus Arthur Kaliyev in Penguins zone.
17:03 of 2nd period - Shot by Tim Stutzle.
17:03 of 2nd period - Stopped by Thatcher Demko without a rebound.
17:04 of 2nd period - Jason Spezza wins face-off versus Zack Smith in Penguins zone.
17:09 of 2nd period - Shot by Matt Grzelcyk.
17:09 of 2nd period - Stopped by Thatcher Demko without a rebound.
17:10 of 2nd period - Sean Monahan wins face-off versus Zack Smith in Penguins zone.
17:15 of 2nd period - Shot by Josh Morrissey.
17:15 of 2nd period - Shot Misses the Net.
17:17 of 2nd period - Shot by Charlie McAvoy.
17:17 of 2nd period - Shot Misses the Net.
18:23 of 2nd period - Shot by Tyler Johnson.
18:23 of 2nd period - Shot Misses the Net.
18:25 of 2nd period - Shot by Andreas Johnsson.
18:25 of 2nd period - Stopped by Thatcher Demko without a rebound.
18:26 of 2nd period - Jason Spezza wins face-off versus Dominic Toninato in Penguins zone.
19:38 of 2nd period - Shot by Trevor Lewis.
19:38 of 2nd period - Shot Blocked by Charlie McAvoy.
19:40 of 2nd period - Shot by Nick Ritchie.
19:40 of 2nd period - Shot Misses the Net.
Goals for this period are 1 for Penguins vs 1 for Devils.
Shots for this period are 6 for Penguins vs 13 for Devils.

3rd period


0:01 of 3rd period - Leon Draisaitl wins face-off versus Sean Monahan in neutral zone.
0:10 of 3rd period - Shot by Sami Vatanen.
0:10 of 3rd period - Stopped by Alex Nedeljkovic without a rebound.
0:11 of 3rd period - Jason Spezza wins face-off versus Zack Smith in Devils zone.
0:11 of 3rd period - Jason Spezza is hit by Zack Smith.
0:50 of 3rd period - Zack Smith is hit by Colin Miller and loses puck.
0:53 of 3rd period - Shot by Zack Smith.
0:53 of 3rd period - Deflect By Richard Panik.
0:53 of 3rd period - Shot Misses the Net.
1:00 of 3rd period - Icing by Andreas Johnsson.
1:01 of 3rd period - Leon Draisaitl wins face-off versus Jason Spezza in Devils zone.
1:11 of 3rd period - Minor Penalty to Tyler Johnson for High sticking.
1:12 of 3rd period - Leon Draisaitl wins face-off versus Nicolas Roy in Devils zone.
1:17 of 3rd period - Shot by Leon Draisaitl.
1:17 of 3rd period - Stopped by Alex Nedeljkovic with a rebound.
1:19 of 3rd period - Shot by Sami Vatanen.
1:19 of 3rd period - Shot Blocked by Jimmy Vesey.
2:21 of 3rd period - Shot by Filip Zadina.
2:21 of 3rd period - Stopped by Alex Nedeljkovic without a rebound.
2:22 of 3rd period - Sean Monahan wins face-off versus Colton Sissons in Devils zone.
2:56 of 3rd period - Shot by Ty Smith.
2:56 of 3rd period - Shot Misses the Net.
3:24 of 3rd period - Shot by Leon Draisaitl.
3:24 of 3rd period - Shot Blocked by Matt Grzelcyk.
3:29 of 3rd period - Matt Grzelcyk is hit by Nick Holden and loses puck.
3:37 of 3rd period - Off-side.
3:38 of 3rd period - Mason Appleton wins face-off versus Dominic Toninato in neutral zone.
4:02 of 3rd period - Shot by Travis Dermott.
4:02 of 3rd period - Shot Blocked by Nick Ritchie.
4:08 of 3rd period - Shot by Mason Appleton.
4:08 of 3rd period - Shot Misses the Net.
4:10 of 3rd period - Shot by Travis Dermott.
4:10 of 3rd period - Shot Misses the Net.
4:12 of 3rd period - Shot by Dryden Hunt.
4:12 of 3rd period - Shot Blocked by Trevor Lewis.
4:14 of 3rd period - Shot by Travis Dermott.
4:14 of 3rd period - Shot Misses the Net.
4:16 of 3rd period - Shot by Johnny Boychuk.
4:16 of 3rd period - Stopped by Thatcher Demko without a rebound.
4:17 of 3rd period - Tim Stutzle wins face-off versus Colton Sissons in Penguins zone.
4:21 of 3rd period - Icing by Niklas Hjalmarsson.
4:22 of 3rd period - Sean Monahan wins face-off versus Brett Connolly in Penguins zone.
4:23 of 3rd period - Shot by Rickard Rakell.
4:23 of 3rd period - Shot Misses the Net.
4:31 of 3rd period - Shot by Jonathan Drouin.
4:31 of 3rd period - Shot Misses the Net.
5:27 of 3rd period - Shot by Leon Draisaitl.
5:27 of 3rd period - Deflect By Brady Tkachuk.
5:27 of 3rd period - Stopped by Alex Nedeljkovic without a rebound.
5:28 of 3rd period - Zack Smith wins face-off versus Jason Spezza in Devils zone.
5:33 of 3rd period - Shot by Filip Zadina.
5:33 of 3rd period - Shot Misses the Net.
6:44 of 3rd period - Shot by Colin Miller.
6:44 of 3rd period - Shot Misses the Net.
6:46 of 3rd period - Shot by Nicolas Roy.
6:46 of 3rd period - Stopped by Thatcher Demko without a rebound.
6:47 of 3rd period - Colton Sissons wins face-off versus Sean Monahan in Penguins zone.
6:47 of 3rd period - Colton Sissons is hit by Rickard Rakell.
6:55 of 3rd period - Shot by Jonathan Drouin.
6:55 of 3rd period - Shot Misses the Net.
6:57 of 3rd period - Shot by Niklas Hjalmarsson.
6:57 of 3rd period - Shot Blocked by Matt Grzelcyk.
6:59 of 3rd period - Shot by Niklas Hjalmarsson.
6:59 of 3rd period - Stopped by Alex Nedeljkovic without a rebound.
7:00 of 3rd period - Nicolas Roy wins face-off versus Leon Draisaitl in Devils zone.
7:11 of 3rd period - Shot by Mattias Janmark.
7:11 of 3rd period - Shot Misses the Net.
7:13 of 3rd period - Shot by Mattias Janmark.
7:13 of 3rd period - Stopped by Thatcher Demko without a rebound.
7:14 of 3rd period - Colton Sissons wins face-off versus Sean Monahan in Penguins zone.
7:27 of 3rd period - Shot by Jonathan Drouin.
7:27 of 3rd period - Shot Misses the Net.
7:29 of 3rd period - Shot by Nick Holden.
7:29 of 3rd period - Stopped by Alex Nedeljkovic without a rebound.
7:30 of 3rd period - Leon Draisaitl wins face-off versus Nicolas Roy in Devils zone.
7:57 of 3rd period - Shot by Brady Tkachuk.
7:57 of 3rd period - Shot Misses the Net.
7:59 of 3rd period - Shot by Duncan Keith.
7:59 of 3rd period - Deflect By Brady Tkachuk.
7:59 of 3rd period - Stopped by Alex Nedeljkovic with a rebound.
8:29 of 3rd period - Shot by Jonathan Drouin.
8:29 of 3rd period - Shot Blocked by Nicolas Roy.
8:31 of 3rd period - Shot by Brett Connolly.
8:31 of 3rd period - Shot Blocked by Jimmy Vesey.
8:33 of 3rd period - Shot by Niklas Hjalmarsson.
8:33 of 3rd period - Stopped by Alex Nedeljkovic without a rebound.
8:34 of 3rd period - Sean Monahan wins face-off versus Zack Smith in Devils zone.
8:36 of 3rd period - Minor Penalty to Richard Panik for Tripping.
8:37 of 3rd period - Arthur Kaliyev wins face-off versus Sean Monahan in Penguins zone.
8:37 of 3rd period - Arthur Kaliyev is hit by Sean Monahan.
8:55 of 3rd period - Shot by Sean Monahan.
8:55 of 3rd period - Shot Blocked by Nick Holden.
9:07 of 3rd period - Shot by Tim Stutzle.
9:07 of 3rd period - Shot Misses the Net.
9:15 of 3rd period - Shot by Sean Monahan.
9:15 of 3rd period - Deflect By Tim Stutzle.
9:15 of 3rd period - Shot Misses the Net.
9:17 of 3rd period - Shot by Johnny Boychuk.
9:17 of 3rd period - Stopped by Thatcher Demko without a rebound.
9:18 of 3rd period - Jason Spezza wins face-off versus Dominic Toninato in Penguins zone.
9:37 of 3rd period - Shot by Jason Spezza.
9:37 of 3rd period - Stopped by Thatcher Demko without a rebound.
9:38 of 3rd period - Dominic Toninato wins face-off versus Sean Monahan in Penguins zone.
10:25 of 3rd period - Shot by Matt Grzelcyk.
10:25 of 3rd period - Shot Misses the Net.
10:27 of 3rd period - Shot by Jason Spezza.
10:27 of 3rd period - Shot Misses the Net.
10:29 of 3rd period - Shot by Jason Spezza.
10:29 of 3rd period - Shot Hit the Post.
11:00 of 3rd period - Minor Penalty to Colton Sissons for Roughing.
11:01 of 3rd period - Jason Spezza wins face-off versus Zack Smith in Penguins zone.
11:20 of 3rd period - Shot by Matt Grzelcyk.
11:20 of 3rd period - Stopped by Thatcher Demko with a rebound.
11:22 of 3rd period - Shot by Andreas Johnsson.
11:22 of 3rd period - Shot Blocked by Nick Holden.
11:24 of 3rd period - Shot by Matt Grzelcyk.
11:24 of 3rd period - Stopped by Thatcher Demko with a rebound.
11:26 of 3rd period - Shot by Johnny Boychuk.
11:26 of 3rd period - Stopped by Thatcher Demko without a rebound.
11:27 of 3rd period - Dominic Toninato wins face-off versus Sean Monahan in Penguins zone.
11:27 of 3rd period - Dominic Toninato is hit by Rickard Rakell.
11:36 of 3rd period - Off-side.
11:37 of 3rd period - Dominic Toninato wins face-off versus Sean Monahan in neutral zone.
12:16 of 3rd period - Shot by Sean Monahan.
12:16 of 3rd period - Stopped by Thatcher Demko with a rebound.
12:18 of 3rd period - Shot by Josh Morrissey.
12:18 of 3rd period - Shot Misses the Net.
12:20 of 3rd period - Shot by Sean Monahan.
12:20 of 3rd period - Stopped by Thatcher Demko without a rebound.
12:21 of 3rd period - Dominic Toninato wins face-off versus Jason Spezza in Penguins zone.
12:48 of 3rd period - Shot by Johnny Boychuk.
12:48 of 3rd period - Shot Blocked by Dominic Toninato.
13:00 of 3rd period - Shot by Matt Grzelcyk.
13:00 of 3rd period - Shot Hit the Post.
13:02 of 3rd period - Shot by Jimmy Vesey.
13:02 of 3rd period - Shot Misses the Net.
14:18 of 3rd period - Off-side.
14:19 of 3rd period - Jason Spezza wins face-off versus Zack Smith in neutral zone.
14:25 of 3rd period - Richard Panik is hit by Andreas Johnsson and loses puck.
14:32 of 3rd period - Travis Dermott is hit by Richard Panik and loses puck.
15:16 of 3rd period - Off-side.
15:17 of 3rd period - Leon Draisaitl wins face-off versus Tim Stutzle in neutral zone.
15:34 of 3rd period - Shot by Sean Monahan.
15:34 of 3rd period - Stopped by Thatcher Demko without a rebound.
15:35 of 3rd period - Nicolas Roy wins face-off versus Dominic Toninato in Penguins zone.
16:20 of 3rd period - Duncan Keith is hit by Charlie McAvoy and loses puck.
16:46 of 3rd period - Leon Draisaitl is hit by Colin Miller.
16:51 of 3rd period - Minor Penalty to Colin Miller for Hooking.
16:52 of 3rd period - Colton Sissons wins face-off versus Sean Monahan in Devils zone.
16:55 of 3rd period - Shot by Ty Smith.
16:55 of 3rd period - Shot Misses the Net.
18:50 of 3rd period - Shot by Filip Zadina.
18:50 of 3rd period - Shot Hit the Post.
18:52 of 3rd period - Shot by Dan Hamhuis.
18:52 of 3rd period - Shot Misses the Net.
18:59 of 3rd period - Filip Zadina is hit by Travis Dermott and loses puck.
19:02 of 3rd period - Penguins, Thatcher Demko is pulled from the net.
19:03 of 3rd period - Filip Zadina is hit by Colin Miller and loses puck.
19:06 of 3rd period - Shot by Zack Smith.
19:06 of 3rd period - Stopped by Alex Nedeljkovic without a rebound.
19:07 of 3rd period - Trevor Lewis wins face-off versus Nicolas Roy in Devils zone.
Goals for this period are 0 for Penguins vs 0 for Devils.
Shots for this period are 9 for Penguins vs 11 for Devils.